 Dungeon Crawl Stone Soup version 0.19-a0-1937-g70ed36a (webtiles) character file.

1749672 DemiseWR the Merfolkian Porcupine (level 27, 235/235 HPs)
             Began as a Merfolk Gladiator on Oct 25, 2016.
             Was the Champion of Makhleb.
             Escaped with the Orb
             ... and 3 runes on Oct 27, 2016!
             The game lasted 02:37:04 (62488 turns).

DemiseWR the Merfolkian Porcupine (MfGl)           Turns: 62488, Time: 02:37:05

Health: 235/235    AC: 35    Str: 25      XL:     27
Magic:  33/33      EV: 23    Int:  5 (7)  God:    Makhleb [******]
Gold:   5591       SH: 29    Dex: 21      Spells: 2 memorised, 23 levels left

rFire  + . .     SeeInvis +     b - +8 trishula (holy)
rCold  + . .     Gourm    .     H - +7 ice dragon scales "Luacwy" {+Inv rF- rC++ Regen+ Slay+2}
rNeg   . . .     Faith    .     U - +3 large shield {reflect}
rPois  .         Spirit   .     h - +2 helmet
rElec  .         Reflect  +     u - +0 cloak
rCorr  .         Harm     .     c - +0 pair of gloves {Str+3}
MR     ++...                    C - +2 pair of boots
Stlth  ..........               V - amulet of regeneration
                                B - ring of Guirerev {Fire Dex+2 SInv}
                                q - ring of protection from fire

@: slightlycontaminated, studying Armour
A: change form in water, swift swim, stealthy swim, slimy green scales 1, dopey
1, MP-powered wands
a: Minor Destruction, Lesser Servant of Makhleb, Major Destruction, Greater
Servant of Makhleb, Renounce Religion, Evoke Invisibility
0: Orb of Zot
}: 3/15 runes: serpentine, barnacled, slimy


You escaped.
You worshipped Makhleb.
Makhleb was exalted by your worship.
You were not hungry.

You visited 11 branches of the dungeon, and saw 54 of its levels.
You visited the Abyss 1 time.
You also visited: Sewer and Ice Cave.

You collected 7247 gold pieces.
You spent 1656 gold pieces at shops.

Inventory:

Hand Weapons
 a - a +9 demon trident of electrocution
 b - a +8 trishula of holy wrath (weapon)
Missiles
 v - 4 throwing nets (quivered) {!f}
Armour
 c - a +0 pair of gloves of strength (worn)
 h - a +2 helmet (worn)
 u - a +0 cloak (worn)
 C - a +2 pair of boots (worn)
 H - the +7 ice dragon scales "Luacwy" (worn) {+Inv rF- rC++ Regen+ Slay+2}
   (You found it in an ice cave)

   It affects your accuracy and damage with ranged weapons and melee attacks
   (+2).
   It makes you vulnerable to fire.
   It greatly protects you from cold.
   It lets you turn invisible.
   It increases your rate of regeneration.
 U - a +3 large shield of reflection (worn)
Jewellery
 i - an uncursed ring of poison resistance
 q - a ring of protection from fire (left hand)
 B - the ring of Guirerev (right hand) {Fire Dex+2 SInv}
   (You bought it in a shop on level 2 of the Orcish Mines)

   [ring of fire]

   It enhances your fire magic.
   It affects your dexterity (+2).
   It protects you from fire.
   It makes you vulnerable to cold.
   It lets you see invisible.
 I - an uncursed ring of resist corrosion
 O - the ring of Qyerim {MR+ AC+1 Int+4}
   (You bought it in a shop on level 3 of the Depths)

   [ring of protection]

   It affects your AC (+1).
   It affects your intelligence (+4).
   It affects your resistance to hostile enchantments.
 T - a +6 ring of evasion
 V - an amulet of regeneration (around neck)
Wands
 e - a wand of heal wounds (7/9)
 F - a wand of acid (8/15)
 P - a wand of teleportation (4/9)
 Q - a wand of hasting (6/9)
 W - a wand of digging (17/24)
 Y - a wand of digging (15/24)
 Z - a wand of iceblast (8/15)
Scrolls
 k - 16 scrolls of teleportation
 r - 21 scrolls of remove curse
 t - 2 scrolls of magic mapping
 y - 3 scrolls of identify
 D - a scroll of recharging
 E - 3 scrolls of fear
 G - 2 scrolls of summoning
 J - 2 scrolls of blinking
 X - 5 scrolls of fog
Potions
 d - 2 potions of agility
 g - 7 potions of magic
 m - 4 potions of flight
 n - a potion of invisibility
 o - 2 potions of resistance
 p - 7 potions of brilliance
 w - 5 potions of cancellation
 x - 4 potions of berserk rage
 z - a potion of ambrosia
 K - 2 potions of heal wounds
 L - 17 potions of curing
 S - 2 potions of might
Books
 j - a manual of Armour {!d}
Comestibles
 f - 7 bread rations
 l - 20 meat rations
 M - 5 beef jerkies
 N - a slice of pizza


   Skills:
 * Level 23.3 Fighting
 O Level 27 Polearms
 - Level 2.0 Throwing
 + Level 16.6 Armour
 - Level 15.7 Dodging
 * Level 24.1 Shields
 - Level 14.5 Invocations


You had 23 spell levels left.
You knew the following spells:

 Your Spells              Type           Power        Failure   Level  Hunger
a - Shock                 Conj/Air       #...         93%         1    ##.....
r - Repel Missiles        Chrm/Air       #.....       99%         2    ###....


Dungeon Overview and Level Annotations

Branches:
Dungeon (15/15)            Temple (0/1) D:6            Lair (6/6) D:8
 Shoals (4/4) Lair:2        Snake (4/4) Lair:4        Slime (5/5) Lair:6
    Orc (2/2) D:11            Elf (0/3) Orc:2        Vaults (4/5) D:13
  Crypt (3/3) Vaults:2     Depths (5/5) D:15           Hell (1/1)
    Zot (5/5) Depths:5
   Tomb: Crypt:3        Dis: Hell:1         Geh: Hell:1         Coc: Hell:1
    Tar: Hell:1

Altars:
Ashenzari
Elyvilon
Fedhas
Gozag
Kikubaaqudgha
Makhleb
Nemelex Xobeh
Okawaru
Sif Muna
Trog
Uskayaw
Xom
Yredelemnul
Beogh

Shops:
D:8 %?   Orc:2 [=?(   Depths:3 ==}   Depths:5 (

Portals:
Hell: Depths:1 Depths:2 Depths:3 Depths:4 Depths:5
Abyss: Depths:1
Pandemonium: Depths:1 Depths:3
Ziggurat: Depths:1

Annotations:
D:3 exclusion: downstairs
Shoals:2 exclusion: Roxanne, Roxanne
Shoals:4 Ilsuiw
Depths:3 2 exclusions


Innate Abilities, Weirdness & Mutations

You revert to your normal form in water.
You are very nimble and swift while swimming.
You are very stealthy in the water. (Stealth+)
You are partially covered in slimy green scales. (AC +2)
You are dopey. (Int -2)
You expend magic power (3 MP) to strengthen your wands.


Message History

You kill the sixfirhy!
Makhleb accepts your kill.
There is a stone staircase leading up here.
You climb upwards.
There is a stone staircase leading down here.
Unknown command.
Unknown command.
(D) Dungeon (T) Temple (L) Lair (A) Shoals (P) Snake Pit (M) Slime Pits (O) Orcish Mines (E) Elven Halls (V) Vaults (C) Crypt (U) Depths (H) Hell (Z) Zot
Where to? (Enter - D:1 @ (x,y), ? - help)
Okay, then.
Your extra speed is starting to run out.
You feel yourself slow down.
Your legs become a tail as you enter the water.
Your +2 pair of boots melds into your body.
Your +2 pair of boots unmelds from your body.
There is a staircase leading out of the dungeon here.
You have escaped!

#.# #.# #.# # #...#. #.# #.# #.#
#.#...#. #.# ###.# #.# #.#...#.
#)# ###...#####.## #.....#. #.#
#...≈.......≈## ##....#. #.#
#.#≈♣≈#####≈♣≈## #...(#. #.#
#.≈♣⌠♣≈≈≈≈≈♣⌠♣≈# ##...## #.#
#..≈♣.......♣≈.## #..... #.#
#...≈...@...≈...# #..### #.#
##.≈........♣≈..# #.>... #.#
#≈.⌠.≈≈≈≈≈♣⌠♣≈.####.#### #.#
##≈.≈#....≈♣≈........... #.#
##≈##.##.#≈#.#####.#### #.#
####.##.###)#####..... #.#
#.##...............
#.#############.#####.###########
#............................


There were no monsters in sight!

Vanquished Creatures
  the Royal Jelly (Slime:5)
  4 ancient liches (Zot:5)
  3 orbs of fire
  Mara (Shoals:4)
  Mennas (Vaults:4)
  A juggernaut (Depths:5)
  Sojobo (Depths:1)
  Saint Roka (D:13)
  2 curse toes (Zot:5)
  7 Killer Klowns
  Nikola (Shoals:4)
  3 bone dragons
  2 electric golems (Zot:5)
  A Tzitzimitl (Zot:2)
  Jorgrun (Vaults:1)
  7 tentacled monstrosities
  7 liches
  23 Orb Guardians
  4 quicksilver dragons
  Polyphemus (Shoals:2)
  20 acid blobs
  The ghost of DemiseSR the Warrior, an adept MiBe of Trog (Snake:4)
  A kraken (Shoals:3)
  An Executioner (D:6)
  An ancient champion (Crypt:1)
  8 tentacled starspawn
  3 death cobs
  3 sphinxes
  3 tengu reavers
  Agnes (D:14)
  10 nagarajas
  2 revenants (Crypt:2)
  4 storm dragons
  6 shadow dragons
  2 draconian monks
  5 azure jellies
  3 fire giants
  9 vault wardens
  3 draconian knights
  Aizul (Shoals:2)
  2 draconian scorchers
  3 ghost moths
  2 iron dragons (Depths:2)
  3 frost giants
  A draconian shifter (Zot:1)
  A deep elf sorcerer (Abyss:4)
  Louise (Shoals:2)
  2 curse skulls
  2 reapers
  11 ironheart preservers
  2 balrugs
  10 very ugly things
  2 entropy weavers
  5 draconian zealots
  11 stone giants
  A draconian annihilator (Depths:5)
  A draconian caller (Zot:5)
  An ophan (Abyss:4)
  4 vampire knights
  2 lorocyprocas
  A deep elf annihilator (Vaults:3)
  4 green draconians
  3 white draconians
  3 black draconians
  A deep elf demonologist (Vaults:1)
  4 mottled draconians
  4 purple draconians
  2 red draconians
  3 yellow draconians
  2 blizzard demons (Abyss:4)
  9 small abominations
  3 death oozes (Slime:5)
  7 eidola
  2 merfolk javelineers
  6 ettins
  9 fire dragons
  8 merfolk impalers
  A crystal guardian (Vaults:4)
  A deep elf death mage (Vaults:3)
  2 deep elf high priests
  A quicksilver dragon zombie (Abyss:2)
  9 great orbs of eyes
  Josephine (Orc:1)
  11 yaktaur captains
  5 rakshasas
  The ghost of Ultraviolent4 the Fighter, a journeyman FoFi of Okawaru (D:11)
  4 jiangshi (Crypt:1)
  4 vault guards
  5 centaur warriors
  A catoblepas (Shoals:2)
  18 naga warriors
  6 ice dragons
  3 hydras
  3 death knights
  2 alligator snapping turtles
  A spriggan air mage (Depths:2)
  A hell beast (Depths:3)
  2 merfolk avatars
  8 anacondas
  7 merfolk aquamancers
  8 tengu warriors
  5 hell hogs (Abyss:4)
  3 deep troll shamans
  6 vampire magi
  13 ogre magi
  6 deep troll earth magi
  7 death yaks
  2 satyrs
  Urug (Lair:4)
  2 orc high priests (Orc:1)
  8 naga sharpshooters
  9 shock serpents
  A sun demon (Depths:1)
  2 soul eaters (Crypt:2)
  Nergalle (D:10)
  2 spriggan berserkers
  12 thrashing horrors
  4 deep elf knights
  3 hell knights
  15 wretched stars
  3 shadow wraiths
  3 sixfirhies
  4 salamander mystics
  21 skeletal warriors
  3 spatial maelstroms (Abyss:4)
  A ghost moth zombie (Crypt:1)
  20 sea snakes
  3 flayed ghosts
  11 deep trolls
  4 unseen horrors
  An orange crystal statue (Depths:1)
  7 glowing orange brains
  3 shadow demons
  3 naga ritualists
  5 deep elf archers
  5 wizards
  An obsidian statue (Depths:3)
  2 iron dragon zombies
  10 hill giants
  Pikel (D:8)
  9 ironbrand convokers
  3 lindwurms
  7 orc knights
  11 phantasmal warriors
  An anaconda skeleton (Abyss:4)
  A sphinx zombie (Crypt:2)
  28 large abominations
  4 necromancers
  6 mana vipers
  An orb spider (shapeshifter) (Depths:2)
  2 shadow dragon zombies (Crypt:1)
  23 harpies
  2 orc sorcerers
  16 deep elf magi
  14 cyclopes
  An orb spider (Abyss:4)
  20 fauns
  17 salamanders
  40 ugly things
  A manticore (shapeshifter) (Depths:2)
  An iron dragon skeleton (Crypt:2)
  3 wolf spiders
  2 stone giant zombies
  A salamander (shapeshifter) (Vaults:2)
  3 worldbinders (Abyss:4)
  6 moths of wrath
  14 manticores
  6 shining eyes
  11 elephants
  A sphinx skeleton (Depths:3)
  A rust devil (Depths:3)
  19 vault sentinels
  5 centaur zombies
  An apocalypse crab (Abyss:4)
  4 water nymphs
  8 guardian serpents
  2 ice statues (IceCv)
  21 naga magi
  Joseph (D:8)
  45 black mambas
  A guardian serpent (shapeshifter) (Vaults:4)
  7 sirens
  2 eyes of devastation
  A frost giant skeleton (Abyss:4)
  6 torpor snails
  The ghost of yaymichael the Covert, a novice SpAs of Dithmenos (D:7)
  The ghost of dalord0 the Chopper, a novice FoFi (Sewer)
  11 spiny frogs
  A spiny frog (shapeshifter) (Abyss:4)
  A grey draconian zombie (Crypt:1)
  6 orange demons
  4 smoke demons
  2 storm dragon simulacra
  2 hellions (Zot:5)
  4 rime drakes
  A komodo dragon (shapeshifter) (D:13)
  33 yaktaurs
  6 komodo dragons
  4 efreet
  The ghost of bombasticus the Stinger, a novice OpVM (D:6)
  12 freezing wraiths
  2 tormentors (Abyss:4)
  A queen ant zombie (Crypt:1)
  5 ice devils
  A demonic crawler (Abyss:3)
  3 hellwings
  2 tengu conjurers
  2 red devils (Depths:3)
  2 silent spectres (Abyss:4)
  A polar bear (D:12)
  12 ancient zymes
  A sea snake skeleton (Crypt:2)
  24 two-headed ogres
  A jumping spider (shapeshifter) (Vaults:3)
  A tengu simulacrum (Depths:3)
  A guardian serpent zombie (Crypt:2)
  3 tyrant leeches (Lair:6)
  33 merfolk
  7 trolls
  A two-headed ogre (shapeshifter) (Vaults:4)
  8 hornets
  5 blink frogs
  Prince Ribbit (D:8)
  49 slime creatures
  6 wind drakes
  5 dream sheep
  7 snapping turtles
  2 frost giant simulacra
  34 raiju
  30 water elementals
  12 hippogriffs
  A hippogriff (shapeshifter) (D:14)
  A flying skull (Abyss:3)
  5 shadows
  3 ynoxinuls
  An ettin skeleton (Crypt:2)
  16 wraiths
  A spriggan (shapeshifter) (Depths:1)
  A yak (shapeshifter) (D:13)
  Sigmund (D:5)
  A centaur simulacrum (D:12)
  69 yaks
  Eustachio (D:4)
  2 hogs (D:7)
  A human (D:7)
  Grum (Lair:1)
  2 basilisks
  A basilisk (shapeshifter) (Vaults:3)
  A wyvern (D:13)
  A hog (shapeshifter) (Vaults:1)
  3 golden eyes (Abyss:4)
  Menkaure (D:4)
  18 neqoxecs
  2 steam dragons (Lair:6)
  A wind drake skeleton (Crypt:1)
  5 chaos spawn
  A fire elemental (Abyss:4)
  5 hungry ghosts
  A warg (shapeshifter) (D:14)
  6 mottled dragons
  A vampire mosquito (D:14)
  Edmund (D:4)
  A soldier ant (shapeshifter) (Vaults:4)
  2 spatial vortices (Abyss:4)
  3 wargs
  5 insubstantial wisps (Abyss:4)
  47 nagas
  A soldier ant (D:12)
  10 water moccasins
  2 floating eyes
  11 porcupines
  Duvessa (D:4)
  52 orc warriors
  An eye of draining (shapeshifter) (D:13)
  3 sky beasts
  2 black bears (shapeshifter)
  43 starcursed masses (Abyss:4)
  6 phantoms
  22 wolves
  19 ice beasts
  11 eyes of draining
  37 ogres
  4 boggarts
  A wolf (shapeshifter) (Vaults:1)
  A manticore skeleton (Crypt:1)
  An elephant skeleton (Crypt:1)
  A dream sheep skeleton (Crypt:2)
  44 centaurs
  19 crocodiles
  4 big kobolds
  A rime drake skeleton (Crypt:1)
  The ghost of Magifyre the Sneak, an amateur SpAs of Trog (D:4)
  15 bullfrogs
  An earth elemental (Abyss:4)
  A wyvern zombie (Crypt:1)
  A water moccasin zombie (Crypt:2)
  A spiny frog simulacrum (Crypt:2)
  6 scorpions
  Dowan (D:4)
  2 wyvern skeletons (Crypt:3)
  11 killer bees
  A troll skeleton (Crypt:1)
  2 water moccasin skeletons
  9 wights
  A snapping turtle simulacrum (Crypt:1)
  3 electric eels
  3 howler monkeys (D:8)
  4 bullfrog zombies
  8 crimson imps
  3 quasits
  14 hounds
  5 iron imps
  3 jellies
  4 centaur skeletons
  A gnoll shaman (Orc:1)
  23 orc priests
  23 orc wizards
  A bullfrog skeleton (Crypt:1)
  A human skeleton (Crypt:1)
  Natasha (twice) (D:3)
  9 iguanas
  7 worker ants
  2 bullfrog simulacra (D:12)
  A big kobold skeleton (Crypt:1)
  A hound zombie (D:9)
  A hound skeleton (D:7)
  4 worker ant zombies
  Robin (D:4)
  A howler monkey zombie (Crypt:2)
  A howler monkey skeleton (D:4)
  18 adders
  2 river rats
  6 shadow imps
  5 white imps
  7 ufetubi
  3 oozes (Sewer)
  An adder zombie (D:7)
  An adder skeleton (D:8)
  4 worms
  5 leopard geckos
  125 orcs
  7 ball pythons
  5 giant cockroaches
  2 gnoll zombies (D:3)
  14 goblins
  8 hobgoblins
  7 jackals
  3 quokkas
  7 bats
  4 frilled lizards
  A goblin zombie (Crypt:2)
  17 kobolds
  12 rats
  A crawling corpse (Depths:3)
  2 plants
  8 starspawn tentacles
  3 tentacles (Shoals:3)
2313 creatures vanquished.

Vanquished Creatures (collateral kills)
  A nagaraja (Snake:4)
  2 vault wardens
  A deep elf annihilator (Vaults:1)
  A vault guard (Vaults:4)
  4 hydras
  A catoblepas (Lair:6)
  5 naga warriors (Snake:4)
  A centaur warrior (Vaults:1)
  An alligator snapping turtle (Shoals:4)
  Erica (Lair:1)
  A death yak (Lair:5)
  A shadow wraith (Vaults:1)
  A deep elf archer (Vaults:1)
  A wizard (Vaults:1)
  An ironbrand convoker (Vaults:4)
  A wolf spider (Vaults:4)
  3 ugly things
  2 manticores
  A centaur zombie (D:14)
  An ice statue (IceCv)
  4 yaktaurs (Vaults:4)
  2 hornets
  A snapping turtle (Shoals:4)
  A large abomination (Abyss:4)
  A hippogriff (Lair:1)
  A wyvern (D:9)
  A tarantella (Vaults:4)
  2 yaks (Lair:3)
  A yaktaur simulacrum (Vaults:1)
  A basilisk (Lair:6)
  4 nagas (Snake:4)
  A water moccasin (Lair:1)
  3 ogres (D:15)
  A crocodile (Lair:1)
  3 starcursed masses (Abyss:4)
  A plant (Shoals:3)
59 creatures vanquished.

Vanquished Creatures (others)
  A yaktaur captain (Depths:3)
  A naga warrior (Snake:4)
  A tengu warrior (Depths:3)
  2 thrashing horrors (Abyss:4)
  A worldbinder (Abyss:4)
  3 moths of wrath (Zot:5)
  A fire giant skeleton (Depths:3)
  3 yaktaurs
  A chaos spawn (Abyss:4)
  A neqoxec (Abyss:4)
  A swamp drake (Depths:3)
  An orc warrior (Vaults:1)
  3 ogres
  4 boggarts (Depths:3)
  A starcursed mass (Abyss:4)
  A ball lightning (Zot:5)
  An orc (Vaults:3)
  12 fungi
  A lurking horror (Abyss:1)
  26 plants
  25 starspawn tentacles
  10 tentacles (Shoals:3)
  4 toadstools (D:1)
  A withered plant (Crypt:3)
106 creatures vanquished.

Grand Total: 2478 creatures vanquished

Notes
Turn   | Place    | Note
-------+----------+-------------------------------------------
     0 | D:1      | DemiseWR the Merfolk Gladiator began the quest for the Orb.
     0 | D:1      | Reached XP level 1. HP: 16/16 MP: 1/1
   255 | D:1      | Reached XP level 2. HP: 23/23 MP: 2/2
   461 | D:1      | Reached skill level 5 in Polearms
   485 | D:1      | swamp dragon armour D:1
   714 | D:1      | Reached XP level 3. HP: 28/28 MP: 3/3
   854 | D:1      | You fall through a shaft!
  1288 | D:2      | Reached XP level 4. HP: 34/34 MP: 4/4
  1436 | D:3      | Found a basalt altar of Yredelemnul.
  1798 | D:3      | Noticed Natasha
  1816 | D:3      | Killed Natasha
  1816 | D:3      | Reached skill level 6 in Polearms
  1824 | D:3      | Reached skill level 5 in Dodging
  2033 | D:3      | Reached XP level 5. HP: 41/41 MP: 5/5
  2128 | D:3      | Found a burning altar of Makhleb.
  2280 | D:3      | Became a worshipper of Makhleb the Destroyer
  2439 | D:3      | Noticed Natasha
  2446 | D:3      | Killed Natasha
  2566 | D:4      | Noticed Eustachio
  2566 | D:4      | Noticed Duvessa
  2566 | D:4      | Noticed Dowan
  2591 | D:4      | Noticed Menkaure
  2591 | D:4      | Noticed Edmund
  2595 | D:4      | Gained mutation: You are somewhat resistant to further mutation. [potion of mutation]
  2595 | D:4      | Gained mutation: Your flesh is heat resistant. (rF+) [potion of mutation]
  2608 | D:4      | Killed Edmund
  2608 | D:4      | Reached skill level 7 in Polearms
  2608 | D:4      | Reached XP level 6. HP: 48/48 MP: 6/6
  2616 | D:4      | Killed Menkaure
  2616 | D:4      | Reached skill level 8 in Polearms
  2846 | D:4      | Reached XP level 7. HP: 42/55 MP: 7/7
  3004 | D:5      | Entered Level 5 of the Dungeon
  3423 | D:5      | Reached skill level 9 in Polearms
  3437 | D:5      | Found a sparkling altar of Nemelex Xobeh.
  3578 | D:5      | Reached skill level 5 in Fighting
  3587 | D:5      | Found a glowing drain.
  3612 | Sewer    | Entered a sewer
  3612 | Sewer    | Noticed dalord0's ghost (novice FoFi)
  3636 | Sewer    | Killed dalord0's ghost
  3636 | Sewer    | Reached skill level 10 in Polearms
  3636 | Sewer    | Reached XP level 8. HP: 58/63 MP: 8/8
  4187 | Sewer    | Reached * piety under Makhleb
  4377 | D:4      | Noticed Robin
  4570 | D:5      | Reached skill level 11 in Polearms
  4668 | D:4      | Killed Robin
  5162 | D:4      | Killed Eustachio
  5275 | D:4      | Found an ancient bone altar of Kikubaaqudgha.
  5284 | D:4      | Found a hide-covered altar of Uskayaw.
  5321 | D:4      | Killed Dowan
  5332 | D:4      | Noticed Magifyre's ghost (amateur SpAs)
  5480 | D:4      | Killed Magifyre's ghost
  5561 | D:4      | Reached XP level 9. HP: 71/71 MP: 9/9
  5577 | D:4      | Killed Duvessa
  5682 | D:4      | Reached skill level 12 in Polearms
  5838 | D:5      | Reached ** piety under Makhleb
  5940 | D:5      | Noticed Sigmund
  5948 | D:5      | Killed Sigmund
  6024 | D:5      | Found a bloodstained altar of Trog.
  6133 | D:5      | Reached skill level 1 in Invocations
  6315 | D:6      | Found a staircase to the Ecumenical Temple.
  6321 | D:6      | Noticed bombasticus's ghost (novice OpVM)
  6351 | D:6      | Killed bombasticus's ghost
  7011 | D:6      | Reached skill level 13 in Polearms
  7586 | D:7      | Noticed yaymichael's ghost (novice SpAs)
  7613 | D:7      | Killed yaymichael's ghost
  7613 | D:7      | Reached XP level 10. HP: 62/80 MP: 12/12
  7938 | D:7      | Identified a scroll of acquirement
  7939 | D:7      | Got a smoking bardiche
  7940 | D:7      | Identified the +2 bardiche "Fixefoin" {drain, MR++ Stlth+} (You acquired it on level 7 of the Dungeon)
  8067 | D:7      | Reached skill level 14 in Polearms
  8327 | D:8      | Found Sacetta's Magic Scroll Shoppe.
  8328 | D:8      | Identified the Grimoire of the Rocks and Hexes
  8355 | D:8      | Bought a scroll of summoning for 133 gold pieces
  8355 | D:8      | Bought 2 scrolls of identify for 56 gold pieces
  8355 | D:8      | Bought a scroll of identify for 28 gold pieces
  8381 | D:8      | Reached skill level 10 in Dodging
  8387 | D:8      | Reached *** piety under Makhleb
  8643 | D:8      | Found a staircase to the Lair.
  8643 | D:8      | Noticed an elephant
  8644 | D:8      | Noticed Joseph
  8645 | D:8      | Noticed Prince Ribbit
  8682 | D:8      | Killed an elephant
  8682 | D:8      | Reached skill level 15 in Polearms
  8682 | D:8      | Reached skill level 5 in Invocations
  8695 | D:8      | Killed Prince Ribbit
  8829 | D:8      | Found an iron altar of Okawaru.
  8862 | D:8      | Killed Joseph
  9137 | D:8      | Noticed Pikel
  9146 | D:8      | Killed Pikel
  9146 | D:8      | Reached XP level 11. HP: 87/87 MP: 15/15
  9162 | D:8      | Found Ullo's Food Shop.
  9395 | Lair:1   | Entered Level 1 of the Lair of Beasts
  9787 | D:9      | Reached skill level 16 in Polearms
 10016 | D:10     | Entered Level 10 of the Dungeon
 10049 | D:10     | Noticed a hill giant
 10060 | D:10     | Noticed Nergalle
 10062 | D:10     | Killed a hill giant
 10189 | D:10     | Killed Nergalle
 10260 | D:10     | Reached **** piety under Makhleb
 10390 | D:10     | Found an opulent altar of Gozag.
 10518 | D:10     | Noticed a hill giant
 10530 | D:10     | Killed a hill giant
 10791 | Lair:1   | Noticed a five-headed hydra
 10805 | Lair:1   | Killed a seven-headed hydra
 11010 | Lair:1   | Reached skill level 17 in Polearms
 11091 | Lair:1   | Noticed Erica
 11100 | Lair:1   | Killed Erica
 11100 | Lair:1   | Reached XP level 12. HP: 94/97 MP: 17/17
 11246 | Lair:1   | Reached skill level 10 in Fighting
 11414 | Lair:1   | Noticed Grum
 11427 | Lair:1   | Killed Grum
 12445 | Lair:2   | Found a staircase to the Shoals.
 12721 | Lair:2   | Reached skill level 18 in Polearms
 13567 | Lair:3   | Learned a level 1 spell: Shock
 13570 | Lair:3   | Learned a level 2 spell: Repel Missiles
 13628 | Lair:3   | Noticed a seven-headed hydra
 13651 | Lair:3   | Killed a seven-headed hydra
 14156 | Lair:4   | Found a staircase to the Snake Pit.
 14164 | Lair:4   | Reached ***** piety under Makhleb
 14164 | Lair:4   | Reached XP level 13. HP: 103/106 MP: 19/19
 14730 | Lair:4   | Reached skill level 19 in Polearms
 15576 | Snake:1  | Entered Level 1 of the Snake Pit
 16268 | Lair:6   | Entered Level 6 of the Lair of Beasts
 16620 | Lair:6   | Reached skill level 20 in Polearms
 16620 | Lair:6   | Reached skill level 10 in Invocations
 16723 | Lair:6   | Noticed a fire dragon
 16763 | Lair:6   | Noticed a cacodemon
 16905 | Lair:6   | Paralysed by a hornet for 1 turns
 17170 | Lair:6   | Reached XP level 14. HP: 78/115 MP: 21/21
 17439 | Lair:6   | Found a staircase to the Slime Pits.
 17917 | Lair:6   | Found a runed door.
 18699 | Lair:6   | Reached skill level 21 in Polearms
 19017 | Lair:1   | Gained mutation: You are partially covered in slimy green scales. (AC +2) [potion of beneficial mutation]
 19152 | D:11     | Found a staircase to the Orcish Mines.
 19165 | D:11     | Found a blossoming altar of Fedhas.
 19300 | D:11     | Noticed Ultraviolent4's ghost (journeyman FoFi)
 19317 | D:11     | Killed Ultraviolent4's ghost
 19404 | D:11     | Reached skill level 15 in Dodging
 19922 | D:12     | Found a frozen archway.
 19943 | IceCv    | Entered an ice cave
 19947 | IceCv    | Reached ****** piety under Makhleb
 20360 | IceCv    | Got twisted ice dragon scales
 20371 | IceCv    | Identified the +7 ice dragon scales "Luacwy" {+Inv rF- rC++ Regen+ Slay+2} (You found it in an ice cave)
 20529 | D:12     | Found a bloodstained altar of Trog.
 20854 | D:12     | Reached XP level 15. HP: 122/122 MP: 23/23
 21462 | D:13     | Reached skill level 22 in Polearms
 21553 | D:13     | Found a gate to the Vaults.
 22347 | D:14     | Reached skill level 1 in Armour
 22381 | D:14     | Noticed Agnes
 22595 | D:14     | Killed Agnes
 22688 | D:14     | Found a white marble altar of Elyvilon.
 22753 | D:14     | Reached XP level 16. HP: 131/131 MP: 25/25
 23000 | D:15     | Entered Level 15 of the Dungeon
 23071 | D:15     | Reached skill level 5 in Armour
 23361 | D:15     | Identified the Guide on the Creative Oath
 23447 | D:15     | Reached skill level 23 in Polearms
 23713 | D:15     | Found a staircase to the Depths.
 23730 | D:15     | Reached XP level 17. HP: 138/138 MP: 26/26
 24171 | Orc:1    | Entered Level 1 of the Orcish Mines
 24263 | Orc:2    | Entered Level 2 of the Orcish Mines
 24486 | Orc:2    | Found a deep blue altar of Sif Muna.
 24773 | Orc:1    | Noticed Josephine
 24778 | Orc:1    | Killed Josephine
 24946 | Orc:1    | Found a roughly hewn altar of Beogh.
 25839 | Orc:2    | Identified Sif Muna's Grimoire of Transmutation
 25892 | Orc:2    | Found a staircase to the Elven Halls.
 26023 | Orc:2    | Found Tixiah Zofyu's Magic Scroll Shoppe.
 26023 | Orc:2    | Found Vycarhiy's Jewellery Shop.
 26023 | Orc:2    | Found Atwuskat's Armour Boutique.
 26037 | Orc:2    | Found Pimm's Weapon Emporium.
 26045 | Orc:2    | Bought a scroll of blinking for 82 gold pieces
 26716 | Shoals:1 | Entered Level 1 of the Shoals
 27755 | Shoals:2 | Reached skill level 24 in Polearms
 28037 | Shoals:2 | Noticed Louise
 28142 | Shoals:2 | Killed Louise
 28222 | Shoals:2 | Noticed Roxanne
 28304 | Shoals:2 | Noticed Polyphemus
 28326 | Shoals:2 | Killed Polyphemus
 28826 | Shoals:2 | Noticed Aizul
 28851 | Shoals:2 | Killed Aizul
 28962 | Shoals:2 | Upgraded the game from 0.19-a0-1932-g59670f6 to 0.19-a0-1935-g874f678
 29269 | Shoals:2 | Reached XP level 18. HP: 132/148 MP: 28/28
 29389 | Shoals:3 | Reached skill level 15 in Fighting
 30111 | Shoals:3 | Reached skill level 25 in Polearms
 30610 | Shoals:4 | Entered Level 4 of the Shoals
 30707 | Shoals:4 | Noticed Mara
 30711 | Shoals:4 | Noticed DemiseWR's illusion
 30955 | Shoals:4 | Killed Mara
 31332 | Shoals:4 | Noticed Nikola
 31347 | Shoals:4 | Killed Nikola
 31854 | Shoals:4 | Got a barnacled rune of Zot
 31955 | Shoals:4 | Noticed Ilsuiw
 32170 | Lair:4   | Noticed Urug
 32180 | Lair:4   | Killed Urug
 32514 | D:13     | Reached skill level 1 in Shields
 33353 | Snake:1  | Reached XP level 19. HP: 136/157 MP: 29/29
 33675 | Snake:2  | Reached skill level 5 in Shields
 33728 | Snake:2  | Found a shimmering altar of Xom.
 34256 | Snake:2  | Reached skill level 26 in Polearms
 35392 | Snake:3  | Reached skill level 10 in Shields
 35615 | Snake:4  | Entered Level 4 of the Snake Pit
 36251 | Snake:4  | Reached XP level 20. HP: 166/166 MP: 30/30
 36427 | Snake:4  | Noticed DemiseSR's ghost (adept MiBe)
 36448 | Snake:4  | Killed DemiseSR's ghost
 36808 | Snake:4  | Got a serpentine rune of Zot
 36977 | Lair:4   | Upgraded the game from 0.19-a0-1935-g874f678 to 0.19-a0-1937-g70ed36a
 37211 | Vaults:1 | Entered Level 1 of the Vaults
 37223 | Vaults:1 | Noticed Saint Roka
 37376 | D:13     | Killed Saint Roka
 37924 | Vaults:1 | Noticed Jorgrun
 37933 | Vaults:1 | Killed Jorgrun
 38091 | Vaults:1 | Identified the Collected Works on Weightlessness and Boosts
 38436 | Vaults:1 | Reached skill level 27 in Polearms
 38568 | Vaults:1 | Reached skill level 10 in Armour
 39261 | Vaults:2 | Reached XP level 21. HP: 174/174 MP: 31/31
 40100 | Vaults:2 | Found a staircase to the Crypt.
 40100 | Vaults:2 | Found an ancient bone altar of Kikubaaqudgha.
 40101 | Vaults:2 | Found a basalt altar of Yredelemnul.
 40511 | Vaults:3 | Paralysed by a sphinx for 5 turns
 41028 | Vaults:3 | Reached skill level 15 in Shields
 42279 | Vaults:4 | Noticed Mennas
 42307 | Vaults:4 | Killed Mennas
 42957 | Vaults:4 | Reached XP level 22. HP: 184/184 MP: 32/32
 43145 | Vaults:4 | Found a shattered altar of Ashenzari.
 43430 | Vaults:4 | Noticed an ancient lich
 43880 | Orc:2    | Bought the ring of Guirerev {Fire Dex+2 SInv} for 404 gold pieces
 43881 | Orc:2    | Bought 2 scrolls of enchant weapon for 165 gold pieces
 43890 | Orc:2    | Bought a +0 large shield of reflection for 102 gold pieces
 44248 | Depths:1 | Entered Level 1 of the Depths
 44248 | Depths:1 | Found a gateway to Hell.
 44279 | Depths:1 | Found a gateway to a ziggurat.
 44285 | Depths:1 | Noticed Sojobo
 44320 | Depths:1 | Killed Sojobo
 44664 | Depths:1 | Found a one-way gate leading to the halls of Pandemonium.
 44884 | Depths:1 | Found a one-way gate to the infinite horrors of the Abyss.
 45198 | Depths:2 | Paralysed by a great orb of eyes for 2 turns
 45404 | Depths:2 | Paralysed by a floating eye for 4 turns
 46762 | Depths:3 | Reached XP level 23. HP: 194/194 MP: 33/33
 47732 | Depths:3 | Found Olagh's Gadget Boutique.
 47733 | Depths:3 | Found Udwyariy's Jewellery Emporium.
 47733 | Depths:3 | Found Wigast's Jewellery Emporium.
 47743 | Depths:3 | Bought an uncursed ring of protection from fire for 350 gold pieces
 47743 | Depths:3 | Bought the ring of Qyerim {MR+ AC+1 Int+4} for 336 gold pieces
 47886 | Depths:5 | Entered Level 5 of the Depths
 47954 | Depths:5 | Found Buz Cou's Weapon Shop.
 47977 | Depths:5 | Paralysed by a floating eye for 4 turns
 48121 | Depths:5 | Found a gate to the Realm of Zot.
 48371 | Depths:5 | Noticed a juggernaut
 48391 | Depths:5 | Killed a juggernaut
 49119 | Hell     | Entered the Vestibule of Hell
 49355 | Depths:1 | Voluntarily entered the Abyss.
 49614 | Abyss:2  | Paralysed by accursed screaming for 1 turns
 49622 | Abyss:2  | Paralysed by accursed screaming for 1 turns
 49624 | Abyss:2  | Paralysed by accursed screaming for 2 turns
 49922 | Abyss:3  | Found a corrupted altar of Lugonu.
 50004 | Abyss:3  | Gained mutation: Scrolls take you a little longer to read. [a neqoxec]
 50388 | Abyss:4  | Reached XP level 24. HP: 204/204 MP: 30/30
 50430 | Abyss:4  | Paralysed by accursed screaming for 1 turns
 50486 | Abyss:4  | Found a corrupted altar of Lugonu.
 50487 | Abyss:4  | Found a basalt altar of Yredelemnul.
 50516 | Abyss:4  | Found a sacrificial altar of Ru.
 51318 | Abyss:4  | Gained mutation: Your body sometimes deteriorates upon taking damage. [a neqoxec]
 51391 | Abyss:4  | Gained mutation: You tend to lose your temper in combat. [a neqoxec]
 51400 | Abyss:4  | Paralysed by accursed screaming for 1 turns
 51416 | Abyss:4  | Paralysed by accursed screaming for 1 turns
 51423 | Abyss:4  | Paralysed by accursed screaming for 1 turns
 51434 | Abyss:4  | Paralysed by accursed screaming for 1 turns
 51459 | Abyss:4  | Gained mutation: You are clumsy. (Dex -2) [a neqoxec]
 51559 | Abyss:4  | Found a corrupted altar of Lugonu.
 51901 | Abyss:4  | Paralysed by accursed screaming for 1 turns
 51913 | Abyss:4  | Paralysed by accursed screaming for 1 turns
 52059 | Abyss:4  | Found a corrupted altar of Lugonu.
 52160 | Abyss:4  | Found a corrupted altar of Lugonu.
 52192 | Abyss:4  | Paralysed by accursed screaming for 1 turns
 52206 | Abyss:4  | Paralysed by accursed screaming for 1 turns
 52210 | Abyss:4  | Gained mutation: Scrolls take you longer to read. [a neqoxec]
 52243 | Abyss:4  | Lost intelligence.
 52299 | Depths:1 | Escaped the Abyss
 52948 | Crypt:1  | Entered Level 1 of the Crypt
 53256 | Crypt:1  | Reached XP level 25. HP: 213/213 MP: 33/33
 54728 | Crypt:2  | HP: 17/213 [??? (14)]
 55462 | Crypt:3  | Entered Level 3 of the Crypt
 56003 | Slime:1  | Entered Level 1 of the Pits of Slime
 56743 | Slime:5  | Entered Level 5 of the Pits of Slime
 56946 | Slime:5  | Noticed the Royal Jelly
 57003 | Slime:5  | Killed the Royal Jelly
 57463 | Slime:5  | Got a slimy rune of Zot
 57548 | Slime:5  | Identified the Handbook of Creative Stolen Souls
 57604 | Slime:5  | Got a crude chain mail
 57607 | Slime:5  | Identified the cursed +1 chain mail "Nythav" {+Blink rPois rC+ Dex-3} (You found it on level 5 of the Pits of Slime)
 57769 | Slime:5  | Gained mutation: You are frail. (-10% HP) [a shining eye]
 57772 | Slime:5  | Gained mutation: You are very frail. (-20% HP) [a shining eye]
 57776 | Slime:5  | Lost mutation: Your body sometimes deteriorates upon taking damage. [potion of cure mutation]
 57776 | Slime:5  | Lost mutation: You tend to lose your temper in combat. [potion of cure mutation]
 57776 | Slime:5  | Lost mutation: You are very frail. (-20% HP) [potion of cure mutation]
 57776 | Slime:5  | Lost mutation: Your flesh is heat resistant. (rF+) [potion of cure mutation]
 57777 | Slime:5  | Lost mutation: Scrolls take you longer to read. [potion of cure mutation]
 57777 | Slime:5  | Lost mutation: You are somewhat resistant to further mutation. [potion of cure mutation]
 57777 | Slime:5  | Lost mutation: You are frail. (-10% HP) [potion of cure mutation]
 57777 | Slime:5  | Lost mutation: You are clumsy. (Dex -2) [potion of cure mutation]
 57777 | Slime:5  | Lost mutation: Scrolls take you a little longer to read. [potion of cure mutation]
 58317 | Zot:1    | Entered Level 1 of the Realm of Zot
 58446 | Zot:2    | Noticed a Killer Klown
 58464 | Zot:2    | Killed a Killer Klown
 58553 | Zot:3    | Noticed an orb of fire
 58556 | Zot:3    | Gained mutation: Your body sometimes deteriorates upon taking damage. [an orb of fire]
 58557 | Zot:3    | Gained mutation: You are dopey. (Int -2) [an orb of fire]
 58558 | Zot:3    | Gained mutation: You are frail. (-10% HP) [an orb of fire]
 58689 | Zot:3    | Gained mutation: You regenerate slowly when monsters are visible. [an orb of fire]
 58739 | Zot:3    | Gained mutation: You are weak. (Str -2) [an orb of fire]
 58746 | Zot:3    | Gained mutation: You expend magic power (3 MP) to strengthen your wands. [an orb of fire]
 58749 | Zot:3    | Gained mutation: You are very weak. (Str -4) [an orb of fire]
 58757 | Zot:3    | Killed an orb of fire
 58757 | Zot:3    | Reached XP level 26. HP: 201/201 MP: 33/33
 58865 | Zot:5    | Entered Level 5 of the Realm of Zot
 59352 | Zot:5    | HP: 9/201 [black draconian/bolt of lightning (15)]
 59446 | Zot:5    | Reached skill level 15 in Armour
 59488 | Zot:5    | not even close baby
 59680 | Zot:5    | Noticed an ancient lich
 59706 | Zot:5    | Killed an ancient lich
 59776 | Zot:5    | HP: 18/201 [electric golem/bolt of lightning (28)]
 59866 | Zot:5    | Noticed an ancient lich
 59897 | Zot:5    | Killed an ancient lich
 60104 | Zot:5    | Noticed an ancient lich
 60114 | Zot:5    | Paralysed by an ancient lich for 2 turns
 60118 | Zot:5    | Killed an ancient lich
 60263 | Zot:5    | Noticed an ancient lich
 60275 | Zot:5    | Killed an ancient lich
 60605 | Zot:5    | Noticed an orb of fire
 60611 | Zot:5    | Gained mutation: You are very frail. (-20% HP) [an orb of fire]
 60626 | Zot:5    | Killed an orb of fire
 60927 | Zot:5    | Reached XP level 27. HP: 164/186 MP: 31/33
 61543 | Zot:5    | Noticed an orb of fire
 61547 | Zot:5    | Gained mutation: You occasionally shout uncontrollably at your foes. [an orb of fire]
 61559 | Zot:5    | Killed an orb of fire
 61661 | Zot:5    | Lost mutation: You are very frail. (-20% HP) [potion of cure mutation]
 61661 | Zot:5    | Lost mutation: You are very weak. (Str -4) [potion of cure mutation]
 61661 | Zot:5    | Lost mutation: You are frail. (-10% HP) [potion of cure mutation]
 61661 | Zot:5    | Lost mutation: You are weak. (Str -2) [potion of cure mutation]
 61661 | Zot:5    | Lost mutation: Your body sometimes deteriorates upon taking damage. [potion of cure mutation]
 61661 | Zot:5    | Lost mutation: You occasionally shout uncontrollably at your foes. [potion of cure mutation]
 61661 | Zot:5    | Lost mutation: You regenerate slowly when monsters are visible. [potion of cure mutation]
 61797 | Zot:5    | Got the Orb of Zot
 61803 | Zot:5    | Noticed Osuescho the pandemonium lord
 61867 | Zot:5    | Noticed Yschag the pandemonium lord
 62414 | D:2      | Noticed Nupoh the pandemonium lord
 62488 | D:$      | Escaped with the Orb!

Vault maps used:
D:1:      ldierk_water_garden
D:2:      mrwooster_statue_mirror, kennysheep_generic_room_3
D:3:      lemuel_round_altar, lemuel_zombie_altar_yredelemnul, uniq_natasha
D:4:      amethyst_overflow_temple_binary, uniq_menkaure, uniq_eustachio,
          uniq_robin, uniq_edmund, uniq_duvessa
D:5:      overflow_temple_1_default, first_bread, portal_sewer_entry_b,
          grunt_decor_one_mirror, bloody_trog, uniq_sigmund
D:6:      interstate_on_off
D:7:      grunt_livestock
D:8:      overflow_temple_1_default, david_lair_generic, serial_shops, shop,
          shop, uniq_joseph, uniq_pikel, uniq_prince_ribbit1
D:9:      st_stairs_11
D:10:     grunt_gozag_breadcrumbs, uniq_nergalle
D:11:     orc_0_dummy, special_room, lab_entry_generic, minivault_26,
          fedhas_bush_and_centaur_altar
D:12:     serial_ice, serial_ice_d, serial_ice_m, serial_ice_g, serial_ice_j,
          serial_ice_n, serial_ice_o, serial_ice_b, serial_ice_c,
          portal_ice_cave_demonic_guard, basic_altar, lightli_corner_chamber
D:13:     david_vaults_4
D:14:     elyvilon_altar_5, st_stairs_3, minivault_28, uniq_agnes
D:15:     grunt_enter_depths_magical_seal, bh_walls_and_bars
Lair:1:   grunt_megastairs_5, uniq_erica, uniq_grum
Lair:2:   minmay_shoals_entry_beasts
Lair:3:   beast_lair_carwin_large_4
Lair:4:   minmay_snake_entry_guardpost_small, uniq_urug
Lair:6:   guppyfry_lair_end_dragon, wormcave, dpeg_slime_entry_corner,
          grunt_megastairs_4
Shoals:1: abandoned_shop
Shoals:2: uniq_polyphemus, uniq_aizul, uniq_louise, uniq_roxanne
Shoals:4: shoals_end_hangedman, shoals_ilsuiw_alternative, uniq_nikola,
          uniq_mara
Snake:2:  basic_altar
Snake:3:  kennysheep_snake, basic_stair_grate_trap, serial_bayou_shore_a
Snake:4:  grunt_snake_rune_spirals, statue_in_the_mist_lemuel,
          grunt_ministairs_6
Slime:2:  nicolae_slime_ancient_tower_intersection
Orc:1:    minmay_goldmine, minmay_orc_temple_c, uniq_josephine
Orc:2:    st_orc_rangers, led_sif_book
Vaults:1: nicolae_vaults_little_squares_3, st_octagons_1,
          hangedman_vaults_slice, v_misc_18, nicolae_vaults_diagonal_hallway_8,
          vaults_mumra_hexcomb, ontoclasm_vaults_hangar, grunt_vaults_twisty,
          vaults_room_grunt_arrival_ludios, v_alt_pattern_6,
          ontoclasm_vaults_hangar, vaults_dpeg_diagonal,
          nicolae_vaults_circle_grid_b, ontoclasm_vaults_gateway, uniq_jorgrun,
          uniq_saint_roka
Vaults:2: grunt_vaults_hallway_short, v_pattern_4,
          minmay_crypt_entry_necro_gods, ontoclasm_vaults_shout, v_misc_11,
          v_misc_33, v_alt_pattern_3, vaults_room_pools, hangedman_vaults_trim
Vaults:3: nicolae_vaults_display_case, v_misc_31, hangedman_vaults_nails,
          ontoclasm_vaults_loading_screen, v_misc_27, v_misc_22, v_misc_23,
          ontoclasm_vaults_spin, vaults_room_hallway,
          nicolae_vaults_border_crossing, v_misc_29
Vaults:4: nicolae_vaults_network_s, v_misc_29, v_misc_3,
          nicolae_vaults_mini_display_case, nicolae_vaults_circle_grid_a,
          ontoclasm_vaults_chip, v_misc_30, ontoclasm_vaults_decontamination,
          nicolae_vaults_specimen_jars, ontoclasm_vaults_pinch, basic_altar,
          uniq_mennas
Crypt:3:  evilmike_haunted_forest
Depths:1: enter_ziggurat_e, hell_entry, rand_demon_pan_entry_3, abyss_entry,
          kennysheep_cross_room, minmay_protected_statue, uniq_sojobo
Depths:2: hangedman_cross_cluster, hangedman_decor_points, hell_entry,
          grunt_ministairs_3, stair_cage_line
Depths:3: gold_lair_mu, abyss_entry, rand_demon_pan_entry_5,
          kennysheep_big_empty_room, pf_hell_entry_tar_spiral,
          hangedman_devilish_allure, infiniplex_staircase_zigzag_5,
          minmay_shop_grove, firewood_loft
Depths:4: kennysheep_funnel, abyss_entry, hell_entry, uniq_frederick,
          uniq_xtahua, uniq_margery
Depths:5: evilmike_zot_entry_round, serial_shops, shop, hell_entry
Zot:4:    kennysheep_room_grid
Zot:5:    grunt_ministairs_13
Abyss:2:  evilmike_abyss_exit_11
Abyss:3:  nicolae_abyss_rune_star_stuff, evilmike_abyss_exit_10
Abyss:4:  hangedman_abyss_or_decor_jellyfish_corner,
          due_evilmike_abyss_rune_seething_liches, evilmike_abyss_exit_14
Sewer:    sewer_co_tree
IceCv:    ice_cave_statue_garden_chambered

Skill      XL: |  1  2  3  4  5  6  7  8  9 10 11 12 13 14 15 16 17 18 19 20 21 22 23 24 25 26 27 |
---------------+----------------------------------------------------------------------------------+-----
Polearms       | 5 6 7 8 10 11 13 15 17 18 20 21 22 23 24 25 26 27 | 27.0
Fighting       | 3 4 5 6 7 8 9 11 12 13 14 15 16 17 18 19 20 21 22 23 | 23.3
Dodging        | 5 7 8 9 10 11 13 14 15 | 15.7
Invocations    | 3 5 7 9 10 11 12 13 14 | 14.5
Armour         | 4 5 6 8 9 10 11 12 13 14 16 | 16.6
Shields        | 4 11 13 15 17 19 20 22 23 24 | 24.1
Throwing       | |  2.0

Action                   |  1- 3 |  4- 6 |  7- 9 | 10-12 | 13-15 | 16-18 | 19-21 | 22-24 | 25-27 || total
-------------------------+-------+-------+-------+-------+-------+-------+-------+-------+-------++-------
Melee: Trident           |   133 |   146 |   626 |    44 |    24 |       |       |       |       ||   973
       Tailslap          |       |       |    14 |       |     9 |    66 |       |     1 |       ||    90
       Bardiche          |       |       |       |   598 |  1262 |  1513 |       |       |       ||  3373
       Demon trident     |       |       |       |       |       |    87 |  1783 |  1068 |   595 ||  3533
       Trishula          |       |       |       |       |       |       |       |  1286 |   821 ||  2107
       Unarmed           |       |       |       |       |       |       |       |       |     1 ||     1
Throw: Throwing net      |       |       |     7 |     1 |       |       |       |       |       ||     8
 Cast: Repel Missiles    |       |       |       |     1 |       |       |       |       |       ||     1
Invok: Minor Destruction |       |       |     2 |       |       |       |       |       |       ||     2
       Lesser Servant of |       |       |       |     7 |     3 |     2 |     1 |     2 |       ||    15
       Greater Servant o |       |       |       |       |     6 |     2 |     5 |     2 |     3 ||    18
       Major Destruction |       |       |       |       |       |       |       |       |     3 ||     3
Evoke: Wand              |       |       |     8 |       |       |       |     2 |     6 |    35 ||    51
  Use: Scroll            |     4 |     1 |    10 |    11 |    11 |    16 |     9 |    14 |    27 ||   103
       Potion            |       |     5 |     4 |       |     3 |     4 |     3 |     6 |    10 ||    35
 Stab: Sleeping          |       |       |     2 |     3 |    12 |    11 |       |       |       ||    28
       Confused          |       |       |     5 |       |       |       |       |       |       ||     5
       Held in net/web   |       |       |     4 |       |       |     1 |       |       |       ||     5
       Distracted        |       |       |       |     5 |     7 |     6 |     4 |     2 |       ||    24
       Petrified         |       |       |       |       |     1 |     3 |       |       |       ||     4
       Petrifying        |       |       |       |       |       |     1 |       |       |       ||     1
       Paralysed         |       |       |       |       |       |       |       |     1 |       ||     1
  Eat: Chunk             |     1 |     5 |    16 |    13 |    21 |    32 |    16 |    16 |     5 ||   125
       Bread ration      |       |       |       |     2 |     2 |       |     1 |     7 |     5 ||    17
       Fruit             |       |       |       |       |       |     3 |       |       |     1 ||     4
       Royal jelly       |       |       |       |       |       |     1 |       |       |     1 ||     2
       Pizza             |       |       |       |       |       |     1 |       |       |       ||     1
       Beef jerky        |       |       |       |       |       |     1 |       |       |       ||     1
       Meat ration       |       |       |       |       |       |       |     1 |       |       ||     1
Armor: Leather armour    |    10 |       |       |       |       |       |       |       |       ||    10
       Swamp dragon scal |    22 |    26 |   139 |   123 |   253 |   273 |   139 |       |       ||   975
       Skin              |       |    12 |     5 |       |       |       |       |       |       ||    17
       Ice dragon scales |       |       |       |       |       |       |   113 |   387 |   280 ||   780
Dodge: Dodged            |    78 |    71 |   345 |   487 |  1301 |  1722 |   910 |   963 |   438 ||  6315
       Deflected         |       |       |       |     1 |     1 |       |       |       |       ||     2
Block: Other             |       |       |    50 |    81 |    38 |       |       |       |       ||   169
       Reflection        |       |       |     1 |     2 |       |       |       |    79 |    13 ||    95
       Shield            |       |       |       |       |       |    27 |   757 |    55 |       ||   839
       Large shield      |       |       |       |       |       |       |       |  1782 |  1082 ||  2864
